 Dungeon Crawl Stone Soup version 0.30-a0-711-gf4ac18a38d (webtiles) character file.

Game seed: 3310828129204802276

59917 Absynth the Nimble (level 14, -1/121 (124) HPs)
             Began as a Demonspawn Gladiator on Jan 22, 2023.
             Was a High Priest of Ashenzari.
             Slain by Rupert
             ... wielding a +1 heavy battleaxe
              (48 damage)
             ... on level 12 of the Dungeon.
             The game lasted 01:29:41 (21682 turns).

Absynth the Nimble (Demonspawn Gladiator)          Turns: 21682, Time: 01:29:41

HP:   -1/121 (124)  AC: 14    Str: 14    XL:     14   Next: 55%
MP:   19/27         EV: 19    Int: 12    God:    Ashenzari [*****.]
Gold: 712           SH: 16    Dex: 16    Spells: 21/32 levels left

rFire   + . .      SeeInvis +    a - +3 falchion "I Knew You'd Do That" {drain, Elem, Comp} (curse)
rCold   + . .      Faith    .    s - +0 buckler "Chained With Me" {Cun, Bglg} (curse)
rNeg    . . .      Spirit   .    H - +0 leather armour of the Bound Ennui {rC+, Comp, Self} (curse)
rPois   +          Reflect  +    c - +0 helmet "Eternal With Me" {Melee, Evo} (curse)
rElec   .          Harm     .    M - +2 cloak of Curses and Power {Will+, Comp, Elem} (curse)
rCorr   .          Rampage  .    (gloves unavailable)
Will    ++...      Clarity  +    (no boots)
Stlth   +                        w - amulet of the Astrological Sky {Reflect SH+5, Melee, Fort} (curse)
HPRegen 0.40/turn                j - ring "Prison of Ashenzari" {rF+, Evo, Bglg} (curse)
MPRegen 0.20/turn                n - ring of poison resistance

@: very slightly contaminated, lightly drained, invisible
A: slimy green scales 1, icemail 1, condensation shield, demonic magic 3,
demonic touch 3, fangs 1, clumsy 1, robust 1, noise suppression
a: Renounce Religion, Curse Item, Shatter the Chains


You were on level 12 of the Dungeon.
You worshipped Ashenzari.
Ashenzari was extremely pleased with you.
You visited 3 branches of the dungeon, and saw 18 of its levels.

You collected 1244 gold pieces.
You spent 532 gold pieces at shops.

Inventory:

Hand Weapons
 a - the cursed +3 falchion "I Knew You'd Do That" (weapon) {drain, Elem, Comp}
   (You took it off an orc on level 4 of the Dungeon)

   It has a curse which improves the following skills: Elements: Fire Magic, Ice
   Magic, Air Magic and Earth Magic.
   Companions: Summonings and Necromancy.
 y - a +0 demon blade of flaming
Missiles
 e - a javelin
 f - 27 poisoned darts
 g - 2 throwing nets
Armour
 c - the cursed +0 helmet "Eternal With Me" (worn) {Melee, Evo}

   It has a curse which improves the following skills: Melee Combat: Short
   Blades, Long Blades, Axes, Maces & Flails, Polearms, Staves and Unarmed
   Combat.
   Evocations: Evocations.
 s - the cursed +0 buckler "Chained With Me" (worn) {Cun, Bglg}
   (You found it on level 2 of the Dungeon)

   It has a curse which improves the following skills: Cunning: Dodging and
   Stealth.
   Beguiling: Conjurations, Hexes and Translocations.
 D - the +1 robe of Soilobbi {rPois}
   (You bought it in a shop on level 10 of the Dungeon)

   rPois:     It protects you from poison.
 H - the cursed +0 leather armour of the Bound Ennui (worn) {rC+, Comp, Self}
   (You took it off an orc wizard on level 9 of the Dungeon)

   rC:        It protects you from cold.
   It has a curse which improves the following skills: Companions: Summonings
   and Necromancy.
   Introspection: Fighting and Spellcasting.
 K - a +0 cloak
 M - the cursed +2 cloak of Curses and Power (worn) {Will+, Comp, Elem}
   (You took it off Maurice on level 10 of the Dungeon)

   It has a curse which improves the following skills: Companions: Summonings
   and Necromancy.
   Elements:  Fire Magic, Ice Magic, Air Magic and Earth Magic.
 Q - a +0 pair of gloves
 R - a +1 hat
 S - a +0 helmet
Jewellery
 j - the cursed ring "Prison of Ashenzari" (left hand) {rF+, Evo, Bglg}
   (You found it on level 6 of the Dungeon)

   [ring of protection from fire]

   rF:        It protects you from fire.
   It has a curse which improves the following skills: Evocations: Evocations.
   Beguiling: Conjurations, Hexes and Translocations.
 k - a ring of protection from fire
 n - a ring of poison resistance (right hand)
 w - the cursed amulet of the Astrological Sky (around neck) {Reflect SH+5, Melee, Fort}
   (You found it on level 3 of the Lair of Beasts)

   [amulet of reflection]

   It reflects blocked missile attacks.
   SH:        It affects your SH (+5).
   It has a curse which improves the following skills: Melee Combat: Short
   Blades, Long Blades, Axes, Maces & Flails, Polearms, Staves and Unarmed
   Combat.
   Fortitude: Armour and Shields.
 C - a ring of see invisible
 N - a ring of willpower
 O - a ring of protection from fire
Wands
 v - a wand of iceblast (2)
 x - a wand of paralysis (5) (quivered)
 F - a wand of flame (34)
 I - a wand of polymorph (4)
 L - a wand of digging (5)
Scrolls
 b - 3 scrolls of enchant armour
 d - 2 scrolls of teleportation
 h - 3 scrolls of fear
 l - 2 scrolls of amnesia
 r - 8 scrolls of identify
 A - 2 scrolls of poison
Potions
 i - 2 potions of brilliance
 o - 2 potions of magic
 p - 2 potions of berserk rage
 q - 3 potions of flight
 t - 6 potions of curing
 u - a potion of resistance
 z - 10 potions of ambrosia
 B - 3 potions of cancellation
 E - 2 potions of invisibility
 G - 2 potions of haste
 P - 3 potions of might
Miscellaneous
 m - a phial of floods
 J - a lightning rod (4/4)


   Skills:
 + Level 9.3(11.6) Fighting
 - Level 12.0(15.4) Long Blades
 - Level 1.7 Throwing
 + Level 4.9(7.1) Armour
 + Level 12.1(14.3) Dodging
 + Level 7.2(9.5) Shields
 + Level 7.4(9.8) Spellcasting
 + Level 5.3(8.7) Hexes
 + Level 5.1(8.4) Ice Magic
 - Level 8.2(11.7) Evocations


You had 21 spell levels left.
You knew the following spells:

 Your Spells              Type           Power      Damage    Failure   Level
e - Metabolic Englaciati  Hex/Ice        13%        N/A       14%         5
f - Frozen Ramparts       Ice            52%        1d8       1%          3
t - Tukima's Dance        Hex            26%        N/A       1%          3

Your spell library contained the following spells:

 Spells                   Type           Power      Damage    Failure   Level
 Inner Flame              Hex/Fire       16%        N/A       9%          3
 Portal Projectile        Hex/Tloc       32%        N/A       9%          3
 Apportation              Tloc           14%        N/A       14%         1
 Summon Small Mammal      Summ           28%        N/A       14%         1
 Poisonous Vapours        Pois/Air       12%        N/A       24%         2
 Summon Ice Beast         Ice/Summ       16%        N/A       26%         4
 Ice Form                 Ice/Tmut       16%        N/A       30%         4
 Animate Dead             Necr           7%         N/A       80%         4
 Flame Wave               Conj/Fire      7%         2d5       82%         4
 Sticky Flame             Conj/Fire      7%         2d3       82%         4
 Olgreb's Toxic Radiance  Pois           5%         N/A       87%         4
 Alistair's Intoxication  Tmut/Pois      3%         N/A       99%         5
 Blade Hands              Tmut           2%         N/A       99%         5
 Haunt                    Necr/Summ      3%         N/A       100%        7
 Spellforged Servitor     Conj/Summ      3%         N/A       100%        7
 Infestation              Necr           3%         N/A       100%        8
 Polar Vortex             Ice            13%        N/A       100%        9


Dungeon Overview and Level Annotations

Branches:
Dungeon (12/15)            Temple (1/1) D:6            Lair (5/5) D:10
 Shoals (0/4) Lair:2       Spider (0/4) Lair:3        Slime (0/5) Lair:5
    Orc (0/2) D:12

Altars:
Ashenzari
Cheibriados
Dithmenos
Fedhas
Gozag
Hepliaklqana
Kikubaaqudgha
Makhleb
Nemelex Xobeh
Okawaru
Qazlal
Ru
Sif Muna
Trog
Uskayaw
Vehumet
Wu Jian
Xom
Yredelemnul
Jiyva

Shops:
D:1 ?   D:7 (   D:10 (*[(   D:11 *

Annotations:
D:8 4 runed translucent doors, exclusion: 4 doors
D:12 Rupert
Lair:2 3 runed translucent doors, jazmu's ghost, journeyman DgHu


Innate Abilities, Weirdness & Mutations

You are partially covered in slimy green scales. (AC +2)
A meltable icy envelope protects you from harm. (AC +4)
A meltable shield of frost defends you. (SH +4)
Spells you cast and wands you use may paralyse nearby enemies.
Your touch may irresistibly damage your foes and sap their willpower.
You have very sharp teeth.
You are clumsy. (Dex -2)
You are robust. (+10% HP)
You passively dampen the noise of your surroundings.


Message History

You hit Rupert.
Rupert is lightly wounded.
Rupert barely misses you.
You slash Rupert! You drain Rupert. Your bite misses Rupert.
Rupert is moderately wounded.
You catch the helpless Rupert completely off-guard!
You hit Rupert. You drain Rupert.
Rupert is moderately wounded.
You block Rupert's attack.
You barely miss Rupert.
Rupert is moderately wounded.
You block Rupert's attack.
You slash Rupert!
Rupert is moderately wounded.
You slash Rupert! You drain Rupert. Your bite misses Rupert.
Rupert is heavily wounded.
Rupert hits you with a +1 heavy battleaxe.
You hit Rupert.
Rupert is heavily wounded.
You block Rupert's attack.
You strike the helpless Rupert from behind!
You hit Rupert.
Rupert is heavily wounded.
You catch the helpless Rupert completely off-guard!
You hit Rupert.
Rupert is heavily wounded.
Rupert completely misses you.
You slash Rupert!
Rupert is heavily wounded.
You strike the helpless Rupert from behind!
You hit Rupert but do no damage. You drain Rupert.
Rupert is heavily wounded.
You block Rupert's attack.
You hit Rupert.
Rupert is heavily wounded.
Rupert hits you with a +1 heavy battleaxe!!
* * * LOW HITPOINT WARNING * * *
Rupert closely misses you.
Rupert hits you with a +1 heavy battleaxe!!!
You die...

#............########## #######
#..................รท...
....... #......................
.......
#......................,.......
#..########............ .######
#.. *######............, * #.,
.................. * ,
..........(....... ,,, ,, *, ,
.........@.####### *,{ , *,
#########@.###### * ,,,, ,,,
,................,, , , ,,
,,................ ,, ,,, ,
,...........#####****** * ,
**########...# , ,
,..........#* **** *
*,,,,,,............>, ,, , ***
#########......,,,, ,,


You could see Rupert (berserk, unable to see you, drained).

Vanquished Creatures
  Gastronok (D:12)
  Kirke (D:12)
  Snorg (Lair:4)
  Josephine (D:12)
  6 hydras
  A catoblepas (Lair:5)
  A merfolk avatar (Lair:5)
  2 two-headed ogres
  3 boulder beetles
  Nergalle (D:10)
  4 skeletal warriors
  3 sea snakes (Lair:5)
  A harpy (Lair:5)
  2 ugly things
  2 cyclopes
  15 elephants
  3 manticores (Lair:5)
  Maurice (D:10)
  3 merfolk sirens (Lair:2)
  7 black mambas
  A gargoyle (D:10)
  A torpor snail (Lair:4)
  10 cane toads
  An unseen horror (D:10)
  14 komodo dragons
  4 rime drakes
  A polar bear (Lair:5)
  A queen bee (D:10)
  10 blink frogs
  A hornet (D:10)
  3 trolls
  A jumping spider (Lair:3)
  2 slime creatures (Lair:5)
  A culicivora (Lair:3)
  A vampire (D:11)
  7 wraiths
  11 wyverns
  4 basilisks
  37 yaks
  2 shadows
  Eustachio (D:5)
  5 hogs (D:12)
  2 steam dragons
  3 vampire mosquitoes (D:12)
  15 water moccasins
  A sky beast (D:6)
  2 black bears
  6 orc warriors
  2 ice beasts (D:5)
  5 ogres
  26 wolves
  2 phantoms (D:4)
  5 centaurs
  2 kobold brigands
  14 bullfrogs
  12 scorpions
  5 necrophages
  10 wights
  36 killer bees
  An electric eel (Lair:4)
  3 jellies
  2 hounds
  3 orc priests
  4 iguanas
  6 orc wizards
  4 hell rats (Lair:4)
  6 gnolls
  12 adders
  4 white imps
  An ufetubus (D:5)
  2 worms
  6 dart slugs
  24 orcs
  14 bats
  5 endoplasms
  4 giant cockroaches
  5 goblins
  2 hobgoblins (D:4)
  9 jackals
  6 kobolds
  A quokka (D:3)
  4 ball pythons
  9 frilled lizards
  4 rats
467 creatures vanquished.

Vanquished Creatures (others)
  A human (D:12)
  A swamp drake (D:10)
  2 orcs (D:7)
  44 fungi
  82 plants
130 creatures vanquished.

Grand Total: 597 creatures vanquished

Notes
Turn   | Place    | Note
-------+----------+-------------------------------------------
     0 | D:1      | Absynth the Demonspawn Gladiator began the quest for the
                  | Orb.
     0 | D:1      | Reached XP level 1. HP: 16/16 MP: 1/1
   117 | D:1      | Gained mutation: You are partially covered in slimy green
                  | scales. (AC +2) [demonic ancestry]
   117 | D:1      | Reached XP level 2. HP: 14/22 MP: 2/2
   634 | D:1      | Found The Oracle's Delphic Readings.
   833 | D:2      | Reached XP level 3. HP: 28/28 MP: 3/3
  1647 | D:3      | Gained mutation: Spells you cast may paralyse adjacent
                  | enemies. [demonic ancestry]
  1647 | D:3      | Reached XP level 4. HP: 31/34 MP: 4/4
  1698 | D:3      | Noticed a scorpion
  1723 | D:3      | Killed a scorpion
  1724 | D:3      | Reached skill level 1 in Shields
  1798 | D:3      | Reached XP level 5. HP: 40/40 MP: 5/5
  2082 | D:3      | Found a shadowy altar of Dithmenos.
  2085 | D:3      | Found an opulent altar of Gozag.
  2090 | D:3      | Found a burning altar of Makhleb.
  2223 | D:4      | Noticed a black bear
  2292 | D:4      | Noticed a phantom
  2334 | D:4      | Killed a phantom
  2704 | D:4      | Gained mutation: Your touch may inflict minor irresistible
                  | damage on your foes. [demonic ancestry]
  2704 | D:4      | Reached XP level 6. HP: 38/47 MP: 6/6
  3209 | D:5      | Entered Level 5 of the Dungeon
  3365 | D:5      | Noticed an ice beast
  3394 | D:5      | Gained mutation: A meltable shield of frost defends you.
                  | (SH +4) [demonic ancestry]
  3394 | D:5      | Reached XP level 7. HP: 52/52 MP: 7/7
  3661 | D:4      | Reached skill level 5 in Long Blades
  3661 | D:4      | Reached skill level 5 in Dodging
  3927 | D:4      | Gained mutation: A meltable icy envelope protects you from
                  | harm. (AC +4) [demonic ancestry]
  3927 | D:4      | Reached XP level 8. HP: 60/60 MP: 8/8
  4245 | D:5      | Noticed Eustachio
  4331 | D:5      | Killed Eustachio
  4877 | D:5      | Reached skill level 5 in Shields
  5515 | D:5      | Gained mutation: You are frail. (-10% HP) [potion of
                  | mutation]
  5515 | D:5      | Gained mutation: Your spells are a little harder to cast,
                  | but a little more powerful. [potion of mutation]
  5610 | D:6      | Found a staircase to the Ecumenical Temple.
  5648 | Temple   | Entered the Ecumenical Temple
  5653 | Temple   | Became a worshipper of Ashenzari the Shackled
  5834 | D:6      | Reached skill level 5 in Fighting
  5834 | D:6      | Reached XP level 9. HP: 58/61 MP: 9/9
  6498 | D:7      | Found a hazy altar of Hepliaklqana.
  6536 | D:7      | HP: 2/61 [steam dragon/ball of steam (9)]
  6862 | D:7      | Found Geikhlari's Antique Weapon Shoppe.
  7361 | D:8      | Reached * piety under Ashenzari
  7607 | D:8      | Found an iron altar of Okawaru.
  7607 | D:8      | Found a blossoming altar of Fedhas.
  7608 | D:8      | Found a shimmering altar of Xom.
  7757 | D:8      | Found a huge runed translucent gate.
  7757 | D:8      | Noticed a polar bear
  7758 | D:8      | Found a huge runed translucent gate.
  7758 | D:8      | Found a huge runed translucent gate.
  7758 | D:8      | Found a huge runed translucent gate.
  7844 | D:9      | Noticed a cyclops
  7860 | D:9      | Killed a cyclops
  7861 | D:9      | Gained mutation: Spells you cast may paralyse nearby
                  | enemies. [demonic ancestry]
  7861 | D:9      | Reached XP level 10. HP: 37/66 MP: 10/10
  7988 | D:9      | Noticed a two-headed ogre
  8146 | D:9      | Identified the +0 leather armour of the Cicada {rC+}
  8255 | D:9      | Reached ** piety under Ashenzari
  8423 | D:9      | Killed a two-headed ogre
  8793 | D:9      | Found a sparkling altar of Nemelex Xobeh.
  8940 | D:9      | Reached skill level 10 in Long Blades
  8940 | D:9      | Reached skill level 10 in Dodging
  9026 | D:9      | Noticed a four-headed hydra
  9057 | D:9      | Killed a 19-headed hydra
  9068 | D:9      | Noticed a seven-headed hydra
  9099 | D:9      | Killed a 19-headed hydra
  9100 | D:9      | Gained mutation: Your touch may inflict irresistible damage
                  | on your foes. [demonic ancestry]
  9100 | D:9      | Reached XP level 11. HP: 44/72 MP: 11/11
  9191 | D:9      | Identified the +5 shortbow "Vigeaf" {drain, rN+ Int+8}
  9523 | D:10     | Entered Level 10 of the Dungeon
  9530 | D:10     | Noticed Nergalle
  9576 | D:10     | Reached skill level 1 in Evocations
 10054 | D:10     | Reached skill level 5 in Evocations
 10217 | D:10     | Reached *** piety under Ashenzari
 10223 | D:10     | Found Loirimm's Assorted Antiques.
 10277 | D:10     | Noticed a two-headed ogre
 10287 | D:10     | Killed a two-headed ogre
 10337 | D:10     | Found a stormy altar of Qazlal.
 10338 | D:10     | Found an ornate altar of the Wu Jian Council.
 10380 | D:10     | Found Gidydul's Antique Weapon Shop.
 10453 | D:10     | Found Fulef's Antique Weapon Shop.
 10454 | D:10     | Found Raufoh's Antique Armour Shoppe.
 10456 | D:10     | Bought a runed demon blade for 396 gold pieces
 10466 | D:10     | Bought a thick robe for 136 gold pieces
 10466 | D:10     | Identified the +1 robe of Soilobbi {rPois} (You bought it
                  | in a shop on level 10 of the Dungeon)
 10662 | D:10     | Found a staircase to the Lair.
 10997 | D:10     | Reached **** piety under Ashenzari
 11144 | D:10     | Noticed Maurice
 11159 | D:10     | Killed Maurice
 11264 | D:10     | Killed Nergalle
 11265 | D:10     | Reached skill level 1 in Spellcasting
 11357 | D:11     | Noticed a cyan ugly thing
 11667 | D:10     | Killed a cyan ugly thing
 11979 | D:11     | Noticed a skeletal warrior
 12103 | D:11     | Found Ynwyxt's Elemental Accessories.
 12178 | D:11     | Noticed a skeletal warrior
 12203 | D:11     | Noticed a skeletal warrior
 12222 | D:11     | Noticed a skeletal warrior
 12438 | Lair:1   | Entered Level 1 of the Lair of Beasts
 12466 | Lair:1   | Gained mutation: Spells you cast and wands you use may
                  | paralyse nearby enemies. [demonic ancestry]
 12466 | Lair:1   | Reached XP level 12. HP: 79/80 MP: 17/17
 12732 | Lair:1   | Reached skill level 1 in Hexes
 12918 | Lair:1   | Reached skill level 1 in Ice Magic
 13424 | Lair:1   | Learned a level 3 spell: Tukima's Dance
 13428 | Lair:1   | Learned a level 3 spell: Frozen Ramparts
 13456 | Lair:2   | Found a runed translucent gate.
 13456 | Lair:2   | Found a runed translucent gate.
 13456 | Lair:2   | Found a runed translucent gate.
 13754 | Lair:2   | Found a staircase to the Shoals.
 14133 | Lair:2   | Noticed a minotaur
 14133 | Lair:2   | Noticed jazmu's ghost (journeyman DgHu)
 14587 | Lair:3   | Reached skill level 5 in Spellcasting
 14771 | Lair:3   | Identified the +6 war axe of Resourcefulness {antimagic,
                  | rF+ rN+ Int+3 Dex+2}
 15025 | Lair:3   | Noticed a five-headed hydra
 15042 | Lair:3   | Killed a ten-headed hydra
 15212 | Lair:3   | Found a hole to the Spider Nest.
 15222 | Lair:3   | Reached XP level 13. HP: 78/90 MP: 22/24
 15222 | Lair:3   | Reached ***** piety under Ashenzari
 15891 | Lair:4   | Reached skill level 1 in Armour
 16021 | Lair:4   | Noticed Snorg
 16028 | Lair:4   | Killed Snorg
 16284 | Lair:4   | Found an ornate altar of the Wu Jian Council.
 16285 | Lair:4   | Found a hide-covered altar of Uskayaw.
 17088 | Lair:5   | Entered Level 5 of the Lair of Beasts
 17861 | Lair:5   | Gained mutation: Your touch may irresistibly damage your
                  | foes and sap their willpower. [demonic ancestry]
 17861 | Lair:5   | Reached XP level 14. HP: 70/99 MP: 22/27
 18018 | Lair:5   | Found a staircase to the Slime Pits.
 18019 | Lair:5   | Found a viscous altar of Jiyva.
 18439 | Lair:5   | Identified the Compendium of Inference
 18473 | Lair:5   | Learned a level 5 spell: Metabolic Englaciation
 18509 | Lair:5   | Identified the Cyclopedia of the Venomous Iceberg
 18755 | Lair:5   | Lost mutation: You are frail. (-10% HP) [potion of
                  | mutation]
 18755 | Lair:5   | Lost mutation: Your spells are a little harder to cast, but
                  | a little more powerful. [potion of mutation]
 18755 | Lair:5   | Gained mutation: You do not regenerate when monsters are
                  | visible. [potion of mutation]
 18755 | Lair:5   | Gained mutation: Your mind is acute. (Int +4, Str/Dex -1)
                  | [potion of mutation]
 18756 | Lair:5   | Lost mutation: Your mind is acute. (Int +4, Str/Dex -1)
                  | [potion of mutation]
 18756 | Lair:5   | Lost mutation: You do not regenerate when monsters are
                  | visible. [potion of mutation]
 18756 | Lair:5   | Gained mutation: You occasionally shout uncontrollably at
                  | your foes. [potion of mutation]
 18757 | Lair:5   | Lost mutation: You occasionally shout uncontrollably at
                  | your foes. [potion of mutation]
 18757 | Lair:5   | Gained mutation: You are occasionally teleported next to
                  | monsters. [potion of mutation]
 18757 | Lair:5   | Gained mutation: You are somewhat resistant to further
                  | mutation. [potion of mutation]
 18757 | Lair:5   | Gained mutation: You have very sharp teeth. [potion of
                  | mutation]
 18758 | Lair:5   | Lost mutation: You are occasionally teleported next to
                  | monsters. [potion of mutation]
 18758 | Lair:5   | Lost mutation: You are somewhat resistant to further
                  | mutation. [potion of mutation]
 18758 | Lair:5   | Gained mutation: You passively dampen the noise of your
                  | surroundings. [potion of mutation]
 18758 | Lair:5   | Gained mutation: You are robust. (+10% HP) [potion of
                  | mutation]
 18758 | Lair:5   | Gained mutation: You are clumsy. (Dex -2) [potion of
                  | mutation]
 19109 | D:10     | HP: 1/124 [skeletal warrior/+0 scimitar (16)]
 20816 | D:12     | Noticed Kirke
 20937 | D:12     | Identified the cursed +3 falchion "I Knew You'd Do That"
                  | {drain, Elem, Comp} (You took it off an orc on level 4 of
                  | the Dungeon)
 20937 | D:12     | Identified the cursed +2 cloak of Curses and Power {Will+,
                  | Comp, Elem} (You took it off Maurice on level 10 of the
                  | Dungeon)
 20937 | D:12     | Identified the cursed +0 helmet "Eternal With Me" {Melee,
                  | Evo}
 20937 | D:12     | Identified the cursed +0 buckler "Chained With Me" {Cun,
                  | Bglg} (You found it on level 2 of the Dungeon)
 20937 | D:12     | Identified the cursed ring "Prison of Ashenzari" {rF+, Evo,
                  | Bglg} (You found it on level 6 of the Dungeon)
 21086 | D:12     | Killed Kirke
 21233 | D:12     | Noticed Gastronok
 21260 | D:12     | Reached skill level 5 in Hexes
 21332 | D:12     | Killed Gastronok
 21333 | D:12     | Reached skill level 5 in Ice Magic
 21409 | D:12     | Noticed Josephine
 21447 | D:12     | Killed Josephine
 21649 | D:12     | Noticed Rupert
 21651 | D:12     | Paralysed by Rupert for 4 turns
 21682 | D:12     | Slain by Rupert

Illustrated notes

Levels and vault maps discovered:
D:1:      dpeg_arrival_subterranean_lakeside_camping, layout_basic,
          nicolae_nh_oracle_at_delphi
D:2:      layout_basic
D:3:      layout_rooms, grunt_temple_overflow_diamond
D:4:      layout_gridville, lightli_corner_chamber
D:5:      minmay_bubble_buster, layout_loops_ring, serial_co_window_serial,
          co_window_paths_b, co_window_of_opportunity_a, co_window_paths_a,
          co_window_corner_a, co_window_paths_a, co_window_paths_b,
          co_window_of_opportunity_a, co_window_2corner, co_window_corner_b,
          co_window_paths_c, co_window_broadway_b, co_window_cross_4,
          co_window_of_opportunity_c, co_window_paths_e, glass_columns_b,
          glass_columns_a, glass_columns_b, glass_columns_a, glass_columns_c,
          minmay_lizard_king, uniq_eustachio
D:6:      layout_basic, minmay_temple_entry_statues, serial_park_tiny_pond
D:7:      layout_loops_ring, mainiacjoe_overflow_six_doors_small, serial_shops,
          nicolae_shop_temple_entry_statues_fountains, hangedman_minor_gate_pass
D:8:      lemuel_bear_cage, layout_rooms,
          chequers_temple_overflow_statue_of_worship
D:9:      old_forge, layout_basic, nemelex_xobeh_ov_fountains_minmay,
          minmay_the_grid_2x2 [minmay_the_grid_large_cup,
          minmay_the_grid_minigrid_small_alt, minmay_the_grid_embedded,
          minmay_the_grid_prize_diamond_cup]
D:10:     layout_long_grid, lemuel_crystal_altar, jmf_multi_god_temple,
          erik_lair_dragon, serial_shops, shop, nicolae_square_shop,
          nicolae_shop_trees, kennysheep_mini, special_room [special_room_bee],
          nicolae_concentric_dashed_squares_mild, columned_hall_lemuel,
          uniq_maurice, uniq_nergalle
D:11:     layout_big_octagon, nicolae_elemental_shop
D:12:     layout_long_grid, david_orc_4, uniq_gastronok, uniq_josephine,
          uniq_rupert, uniq_kirke
Temple:   minmay_freezing_vapour_temple
Lair:1:   layout_roguey
Lair:2:   layout_loops_ring, elwin_shoals_entry_rooms,
          maelrawn_ghost_gauntlet_escape
Lair:3:   layout_chaotic_city, spider_nest_entry_funnel_web
Lair:4:   layout_regular_city, nzn_masters_of_martial_movement,
          serial_bayou_shore_a, uniq_snorg
Lair:5:   gammafunk_lair_ancient_temple, layout_regular_city,
          minmay_slime_entry_pillars, lemuel_old_faithful

Skill      XL: |  1  2  3  4  5  6  7  8  9 10 11 12 13 14 |
---------------+-------------------------------------------+-----
Long Blades    | 3 4 5 6 8 10 11 12 | 12.0
Dodging        | 3 4 5 6 8 10 11 12 | 12.1
Shields        | 1 2 3 5 6 7 |  7.2
Fighting       | 3 4 5 7 8 9 |  9.3
Evocations     | 7 8 |  8.2
Spellcasting   | 2 5 6 7 |  7.4
Hexes          | 2 4 5 |  5.3
Ice Magic      | 2 4 5 |  5.1
Armour         | 3 4 |  4.9
Throwing       | |  1.7

Action                     |  1- 3 |  4- 6 |  7- 9 | 10-12 | 13-15 || total
---------------------------+-------+-------+-------+-------+-------++-------
  Melee: Long sword        |   108 |   126 |       |       |       ||   234
         Punch             |     1 |       |       |       |       ||     1
         Falchion          |       |    51 |   459 |  1188 |   993 ||  2691
         Bite              |       |       |       |       |    71 ||    71
         Unarmed           |       |       |       |       |    49 ||    49
  Throw: Throwing net      |       |     4 |       |       |       ||     4
   Cast: Frozen Ramparts   |       |       |       |       |    37 ||    37
         Metabolic Englaci |       |       |       |       |     6 ||     6
         Tukima's Dance    |       |       |       |       |     3 ||     3
 Invoke: Curse Item        |       |       |     2 |     5 |     1 ||     8
  Evoke: Wand              |       |       |       |    31 |    11 ||    42
         Lightning rod     |       |       |       |     5 |    10 ||    15
    Use: Scroll            |       |       |    16 |     2 |     2 ||    20
         Potion            |       |       |     4 |     5 |     7 ||    16
   Stab: Held in net/web   |       |     2 |       |       |       ||     2
         Sleeping          |       |     1 |     1 |     4 |     1 ||     7
         Paralysed         |       |       |       |    39 |    38 ||    77
         Confused          |       |       |       |     1 |       ||     1
         Invisible         |       |       |       |       |     7 ||     7
 Armour: Leather armour    |    46 |    63 |   117 |   162 |   120 ||   508
         Skin              |       |       |       |       |     1 ||     1
  Dodge: Dodged            |    90 |   115 |   252 |   595 |   385 ||  1437
  Block: Buckler           |     4 |    41 |   214 |   529 |   541 ||  1329
         Reflection        |       |       |       |       |     3 ||     3
         Other             |       |       |       |       |    14 ||    14

Table legend: (Time is in decaauts)
 A = Elapsed time spent in this place.
 B = Non-inter-level travel time spent in this place.
 C = Inter-level travel time spent in this place.
 D = Time resting spent in this place.
 E = Time spent auto-exploring this place.
 F = Levels seen in this place.
 G = Mean time per level.
                   A        B        C        D        E       F      G
               +--------+--------+--------+--------+--------+-----+--------+
         Total |  21118 |  20202 |    916 |   4358 |  10122 |  18 | 1173.2 |
       Dungeon |  14982 |  14262 |    720 |   3324 |   6818 |  12 | 1248.5 |
        Temple |     10 |     10 |      0 |      0 |      0 |   1 |   10.0 |
          Lair |   6125 |   5929 |    196 |   1034 |   3303 |   5 | 1225.0 |
               +--------+--------+--------+--------+--------+-----+--------+

Top non-repeatable levels by time:
    D:10: 2919 daAuts
     D:5: 2228 daAuts
     D:9: 2100 daAuts
  Lair:5: 1644 daAuts
  Lair:4: 1379 daAuts
     D:4: 1199 daAuts
  Lair:3: 1185 daAuts
    D:12: 1143 daAuts
     D:7: 1088 daAuts
  Lair:2: 979 daAuts
  Lair:1: 936 daAuts
    D:11: 936 daAuts
     D:1: 846 daAuts
     D:2: 772 daAuts
     D:6: 699 daAuts
